Map: Thunderbird LE

Players

bassface - Winner!

  • Race: Terran Terran
  • League: Platinum
  • Spawn Location: 11:00

Mesrob

  • Race: Terran Terran
  • League: Platinum
  • Spawn Location: 5:00

VOD

Have the link to the VOD?

Description

Time

  • Played on: July 10, 2019, 2:31 p.m.
  • Length: 3:56
Show
View Real Time Build Order
Export as new Build Order

bassface Terran - Winner!

Build Orders:  

Get SALT Encoding   

  12  0:03  SCV  
  13  0:15  SCV  
  14  0:27  Supply Depot, SCV  
  15  0:49  SCV  
  16  1:03  SCV  
  17  1:07  Barracks  
  17  1:11  Barracks  
  17  1:15  Barracks  
  17  1:30  SCV  
  17  1:32  Refinery  
  18  1:45  SCV  
  19  1:59  Orbital Command  
  19  2:01  Marine  
  19  2:02  Marine  
  21  2:19  Marine  
  21  2:20  Marine  
  23  2:46  Factory  
  23  2:49  Marine x2, Supply Depot  
  23  2:51  SCV  
  25  2:55  Refinery  
  25  3:03  SCV  
  26  3:07  Marine x2  
  28  3:15  SCV  
  29  3:25  Marine x2  
  31  3:31  Factory Tech Lab  
  31  3:35  SCV  
Show
View Real Time Build Order
Export as new Build Order

Mesrob Terran 

Build Orders:  

Get SALT Encoding   

  12  0:00  SCV  
  13  0:12  SCV  
  14  0:17  Supply Depot  
  14  0:24  SCV  
  15  0:38  SCV  
  15  0:40  Barracks  
  16  0:50  SCV  
  17  1:02  SCV  
  18  1:07  Refinery  
  18  1:15  SCV  
  18  1:16  Refinery  
  19  1:28  Orbital Command  
  19  1:42  Command Center  
  19  2:04  Marine  
  20  2:14  Supply Depot  
  20  2:21  Marine  
  21  2:27  Factory  
  19  2:50  Supply Depot  
  19  2:52  Barracks Tech Lab  
  19  2:58  Barracks  
  19  3:12  Hellion, Marine  
Tags
 
Matchup
TvT
Race
Terran
Replay Pack
sc2 replays
Spawn Locations
Cross Positions
Add a new tag
Caveats
  • Supply blocks, unpowered buildings, or Contaminate may cause inaccurate times.
  • Supply counts are checked every 10 seconds.